 Dungeon Crawl Stone Soup version 0.18-a0-1180-g64ccc1e (webtiles) character file.

29 ololoev the Firebug (level 3, -2/19 HPs)
             Began as a Deep Elf Fire Elementalist on Jan 27, 2016.
             Slain by a giant gecko (3 damage)
             ... on level 4 of the Dungeon.
             The game lasted 00:02:49 (418 turns).

ololoev the Firebug (Deep Elf Fire Elementalist)     Turns: 418, Time: 00:02:49

Health: -2/19      AC:  2    Str:  5    XL:     3   Next: 1%
Magic:  1/10       EV: 13    Int: 20    God:
Gold:   46         SH:  0    Dex: 15    Spells: 1 memorised, 8 levels left

rFire  . . .     SeeInvis .     j - +0 long sword
rCold  . . .     Gourm    .     a - +0 robe
rNeg   . . .     Faith    .     (no shield)
rPois  .         Spirit   .     (no helmet)
rElec  .         Dismiss  .     (no cloak)
rCorr  .         Reflect  .     (no gloves)
SustAt .         Harm     .     (no boots)
MR     .....                    (no amulet)
Stlth  ++........               (no ring)
                                (no ring)

@: not resistant to hostile enchantments, unstealthy
A: no striking features
a: no special abilities

Inventory:

Hand Weapons
 j - a +0 long sword (weapon)
Armour
 a - a +0 robe (worn)
Scrolls
 d - 2 scrolls of recharging {unknown}
 e - a scroll of teleportation {unknown}
 i - a scroll of identify {unknown}
Potions
 g - 2 potions of might {unknown}
Books
 b - a book of Flames

   Spells                             Type                      Level
   a - Flame Tongue                   Conjuration/Fire             1
   b - Throw Flame                    Conjuration/Fire             2
   c - Conjure Flame                  Conjuration/Fire             3
   d - Inner Flame                    Hexes/Fire                   3
   e - Sticky Flame                   Conjuration/Fire             4
   f - Fireball                       Conjuration/Fire             5
Comestibles
 c - a bread ration
 f - a chunk of flesh
 h - a meat ration


   Skills:
 - Level 2.4 Dodging
 - Level 2.4 Stealth
 + Level 3.5 Spellcasting
 * Level 2.2 Conjurations
 + Level 3.7 Fire Magic


You had 8 spell levels left.
You knew the following spells:

 Your Spells              Type           Power        Failure   Level  Hunger
a - Flame Tongue          Conj/Fire      ###..        4%          1    None


You were on level 4 of the Dungeon.
You were not hungry.

You visited 1 branch of the dungeon, and saw 4 of its levels.

You collected 46 gold pieces.

########### #.#+#.
#....##...# #.....
#.........######.....
#........##....#.....
#<.......#.....#....#
#........#.....#....#
#..####..##....'....#
#..####..##...##....#
#..o@....##...#.....#
#.[lo.........#.....#
#)#########...#......
#...o.....
#####......
#...l..... ..#+##.
#....o.... ... .
#......... #######+##

Notes
Turn   | Place    | Note
--------------------------------------------------------------
     0 | D:1      | ololoev the Deep Elf Fire Elementalist began the quest for the Orb.
     0 | D:1      | Reached XP level 1. HP: 10/10 MP: 6/6
    69 | D:2      | Reached XP level 2. HP: 10/15 MP: 0/8
   239 | D:2      | Found a snail-covered altar of Cheibriados.
   397 | D:3      | Noticed a giant frog
   416 | D:4      | Reached XP level 3. HP: 3/19 MP: 1/10
   418 | D:4      | Slain by a giant gecko

Dungeon Overview and Level Annotations

Branches:
Dungeon (4/15)
 Temple: D:4-7

Altars:
Cheibriados


Message History

Confirm with . or Enter, or press ? or * to list all spells.
Aiming: Flame Tongue
Press: ? - help, Shift-Dir - straight line, f - orc
Aim: an orc, wielding a dagger The flame tongue misses the orc.
The orc hits you with a dagger.
You barely miss the orc. The orc hits you with a dagger.
You hit the orc.
The orc is heavily wounded.
The giant gecko misses you. The orc misses you.
The giant gecko barely misses you.
Casting: Flame Tongue
Confirm with . or Enter, or press ? or * to list all spells.
Aiming: Flame Tongue
Press: ? - help, Shift-Dir - straight line, f - orc priest, p - orc
Aim: an orc priest, wielding a falchion and wearing a leather armour The flame tongue misses the orc.
The flame tongue hits the orc priest.
The orc priest is lightly wounded.
The giant gecko bites you. The orc closely misses you.
The orc hits you with a dagger.
Casting: Flame Tongue
Confirm with . or Enter, or press ? or * to list all spells.
Aiming: Flame Tongue
Press: ? - help, Shift-Dir - straight line, f/p - orc priest
Aim: an orc priest, wielding a falchion and wearing a leather armour (lightly wounded)
The flame tongue hits the orc.
You kill the orc!
You have reached level 3!
Your experience leads to an increase in your attributes!
Increase (S)trength, (I)ntelligence, or (D)exterity?
You feel clever. The giant gecko closely misses you.
The orc hits you with a dagger.
Casting: Flame Tongue
Confirm with . or Enter, or press ? or * to list all spells.
Aiming: Flame Tongue
Press: ? - help, Shift-Dir - straight line, f/p - orc priest
Aim: an orc priest, wielding a falchion and wearing a leather armour (lightly wounded)
The flame tongue hits the orc priest.
The orc priest is severely wounded.
The giant gecko bites you.
You die...

You could see an orc priest, an orc and a giant gecko.

Vanquished Creatures
  4 orcs
  2 goblins
  2 hobgoblins
  7 jackals
  2 kobolds
  A giant newt (D:3)
  4 rats
22 creatures vanquished.

Action                   || total
-------------------------++-------
Melee: Long sword        ||     6
 Cast: Flame Tongue      ||    38

Vault maps used:
D:1:      lemuel_arrival_cross, minmay_fountain_box, kennysheep_another_room
D:2:      cheibriados_altar_1, minmay_misc_feat_square, uniq_terence
D:3:      kennysheep_boxes
